Map: 하드와이어 - 래더

Players

ByuN

  • Race: Terran Terran

DPGCure (Cure) - Winner!

  • Race: Terran Terran

Event: DreamHack SC2 Masters Last Chance 2022

VOD

Have the link to the VOD?

Description

Time

  • Played on: Dec. 15, 2021, 4:57 a.m.
  • Length: 2:42

All games in this series

Show
View Real Time Build Order
Export as new Build Order

ByuN Terran 

Build Orders: Gas First Reaper Expand 

Get SALT Encoding   

  12  0:00  SCV  
  13  0:12  SCV  
  14  0:16  Supply Depot  
  14  0:24  SCV  
  14  0:27  Refinery  
  15  0:38  SCV  
  16  0:43  Barracks  
  16  0:50  SCV  
  17  1:02  SCV  
  18  1:14  SCV  
  19  1:30  Reaper, Orbital Command  
  20  1:45  Command Center  
  20  1:52  Factory  
  20  1:55  SCV  
  20  2:01  Refinery  
  21  2:06  Barracks Reactor  
  21  2:07  SCV  
  22  2:11  Supply Depot  
  22  2:19  SCV  
Show
View Real Time Build Order
Export as new Build Order

DPGCure Terran - Winner!

Build Orders:  

Get SALT Encoding   

  12  0:00  SCV  
  13  0:12  SCV  
  14  0:18  Supply Depot  
  14  0:24  SCV  
  15  0:40  Barracks  
  15  0:44  Refinery  
  15  0:57  Barracks  
  15  1:00  SCV  
  16  1:13  SCV  
  16  1:14  Refinery  
  17  1:28  Reaper  
  17  1:32  Orbital Command  
  18  1:43  Reaper  
  19  1:57  Supply Depot  
  19  1:59  SCV  
  19  2:00  Reaper  
  21  2:11  SCV  
  23  2:23  SCV  
  23  2:27  Factory  

Tags
 
Add a new tag
Caveats
  • Supply blocks, unpowered buildings, or Contaminate may cause inaccurate times.
  • Supply counts are checked every 10 seconds.